 Dungeon Crawl Stone Soup version 0.29.1-15-g9cfb28693d (webtiles) character file.

Game seed: 4098885553184174805

7607 Peloso the Carver (level 10, 0/92 HPs)
             Began as a Minotaur Fighter on Mar 5, 2023.
             Slain by a six-headed hydra (6 damage)
             ... on level 1 of the Lair of Beasts.
             The game lasted 00:24:54 (12737 turns).

Peloso the Carver (Minotaur Fighter)               Turns: 12737, Time: 00:24:55

Health: 0/92       AC: 22    Str: 29    XL:     10   Next: 98%
Magic:  9/9        EV:  9    Int:  5    God:
Gold:   491        SH:  5    Dex: 12    Spells: 9/9 levels left

rFire   . . .      SeeInvis .   b - +2 whip (flame)
rCold   + . .      Faith    .   d - +0 buckler
rNeg    . . .      Spirit   .   J - +0 plate armour {rC+}
rPois   .          Reflect  .   (helmet restricted)
rElec   .          Harm     .   F - +0 cloak
rCorr   .          Rampage  .   I - +0 pair of gloves
Will    .....                   (no boots)
Stlth   ..........              (no amulet)
HPRegen 0.25/turn               e - +6 ring of strength
MPRegen 0.11/turn               i - +4 ring of protection

@: no status effects
A: horns 2, retaliatory headbutt
a: no special abilities


You were on level 1 of the Lair of Beasts.
You visited 3 branches of the dungeon, and saw 11 of its levels.

You collected 491 gold pieces.

Inventory:

Hand Weapons
 a - a +4 scimitar
 b - a +2 whip of flaming (weapon)
Missiles
 f - 2 throwing nets (quivered)
Armour
 c - a +0 chain mail
 d - a +0 buckler (worn)
 F - a +0 cloak (worn)
 I - a +0 pair of gloves (worn)
 J - a +0 plate armour of cold resistance (worn)
Jewellery
 e - a +6 ring of strength (left hand)
 i - a +4 ring of protection (right hand)
 z - a +6 ring of intelligence
 A - an amulet of magic regeneration
 D - a +4 ring of evasion
Wands
 t - a wand of paralysis (4)
 E - a wand of digging (15)
Scrolls
 g - 5 scrolls of enchant weapon
 n - a scroll of immolation
 p - 5 scrolls of butterflies {unknown}
 r - a scroll of acquirement {unknown}
 u - 2 scrolls of brand weapon {unknown}
 w - 3 scrolls of vulnerability {unknown}
 y - a scroll of poison {unknown}
 B - a scroll of blinking {unknown}
 C - a scroll of silence {unknown}
 H - a scroll of enchant armour {unknown}
Potions
 h - a potion of brilliance
 j - 2 potions of curing
 k - 2 potions of might
 l - 4 potions of flight
 m - a potion of resistance
 o - a potion of cancellation {unknown}
 q - a potion of ambrosia
 s - 2 potions of mutation
 v - a potion of heal wounds {unknown}
 K - a potion of invisibility


   Skills:
 + Level 9.7 Fighting
 + Level 12.7 Long Blades
 + Level 11.3 Armour
 + Level 3.7 Dodging
 + Level 1.4 Stealth
 + Level 6.8 Shields
 + Level 0.1 Evocations


You had 9 spell levels left.
You didn't know any spells.
Your spell library contained the following spells:

 Spells                   Type           Power      Damage    Failure   Level
 Freeze                   Ice            0%         1d3       99%         1
 Ensorcelled Hibernation  Hex/Ice        0%         N/A       100%        2
 Passwall                 Tmut/Erth      0%         N/A       100%        2
 Frozen Ramparts          Ice            0%         1d1       100%        3
 Swiftness                Air            0%         N/A       100%        3
 Hailstorm                Conj/Ice       0%         3d3       100%        4


Dungeon Overview and Level Annotations

Branches:
Dungeon (9/15)             Temple (1/1) D:7            Lair (1/5) D:8
    Orc: D:9-12

Altars:
Ashenzari
Cheibriados
Elyvilon
Fedhas
Hepliaklqana
Kikubaaqudgha
Makhleb
Nemelex Xobeh
Ru
Sif Muna
Trog
Vehumet
Xom
Yredelemnul
Zin
The Shining One

Annotations:
D:6 3 runed translucent doors, duchin's ghost, amateur MfAM
D:8 1 runed translucent door, H0rd4k's ghost, novice OpAr


Innate Abilities, Weirdness & Mutations

You have a pair of horns on your head.
You reflexively headbutt those who attack you in melee.


Message History

The six-headed hydra bites you!
The six-headed hydra closely misses you. x3
The six-headed hydra bites you but does no damage.
The six-headed hydra barely misses you.
The six-headed hydra bites you but does no damage. x2
The six-headed hydra bites you. x2
The six-headed hydra closely misses you.
The six-headed hydra bites you.
You barely miss the six-headed hydra.
The six-headed hydra is severely wounded.
The six-headed hydra bites you but does no damage. x2
The six-headed hydra barely misses you.
The six-headed hydra bites you but does no damage. x2
The six-headed hydra barely misses you.
You hit the six-headed hydra. You burn the six-headed hydra.
The six-headed hydra is severely wounded.
The six-headed hydra barely misses you.
The six-headed hydra bites you but does no damage. x2
The six-headed hydra bites you.
* * * LOW HITPOINT WARNING * * *
The six-headed hydra bites you!
* * * LOW HITPOINT WARNING * * *
The six-headed hydra bites you.
* * * LOW HITPOINT WARNING * * *
You whack the six-headed hydra! You burn the six-headed hydra.
The six-headed hydra is almost dead.
The six-headed hydra barely misses you. x2
The six-headed hydra bites you but does no damage. x3
The six-headed hydra bites you.
* * * LOW HITPOINT WARNING * * *
Unknown command.
You hit the six-headed hydra. You burn the six-headed hydra.
The six-headed hydra is almost dead.
The six-headed hydra bites you but does no damage.
The six-headed hydra bites you.
* * * LOW HITPOINT WARNING * * *
The six-headed hydra misses you. The six-headed hydra barely misses you.
The six-headed hydra bites you but does no damage.
The six-headed hydra bites you.
You die...

..........
......................
##P....................
.#.......!..............
........................
#......................
.#.......>..............
......D.................
#.@................
..###..................
..?............<.......
.......................
........................
###P######.#............
## ###.......^....
#............
#....#####.##


You could see a six-headed hydra.

Vanquished Creatures
  A two-headed ogre (D:9)
  Pikel (D:7)
  2 cyclopes (D:9)
  Grinder (D:3)
  A hornet (D:8)
  A shadow (D:9)
  A wraith (D:7)
  14 yaks (D:8)
  Eustachio (D:5)
  An acid dragon (D:9)
  A water moccasin (D:7)
  An orc warrior (D:8)
  3 ice beasts (D:6)
  A black bear (D:4)
  2 ogres
  3 lemures (D:7)
  3 necrophages
  A bullfrog (D:7)
  2 scorpions
  4 wights
  9 killer bees (D:7)
  An electric eel (D:6)
  4 howler monkeys
  7 jellies
  3 hounds (D:5)
  6 orc priests
  Crazy Yiuf (D:7)
  5 iguanas
  6 orc wizards
  8 gnolls
  3 adders
  A white imp (D:7)
  4 worms
  A dart slug (D:2)
  22 orcs
  5 bats
  6 endoplasms
  2 giant cockroaches
  3 goblins
  6 hobgoblins
  5 jackals
  5 kobolds
  3 quokkas
  5 ball pythons
  5 frilled lizards
  A rat (D:1)
  A spectral hobgoblin (D:2)
173 creatures vanquished.

Vanquished Creatures (others)
  A fungus (D:8)
  42 plants
43 creatures vanquished.

Grand Total: 216 creatures vanquished

Notes
Turn   | Place    | Note
-------+----------+-------------------------------------------
     0 | D:1      | Peloso the Minotaur Fighter began the quest for the Orb.
     0 | D:1      | Reached XP level 1. HP: 19/19 MP: 0/0
   479 | D:1      | Reached XP level 2. HP: 26/27 MP: 1/1
  1144 | D:2      | Found a faded altar of an unknown god.
  1280 | D:2      | You fall into a shaft and drop 2 floors!
  1297 | D:3      | Reached XP level 3. HP: 33/33 MP: 2/2
  1347 | D:2      | Reached skill level 3 in Long Blades
  2085 | D:4      | Noticed a necrophage
  2097 | D:4      | Killed a necrophage
  2098 | D:4      | Reached skill level 4 in Long Blades
  2098 | D:4      | Reached XP level 4. HP: 33/41 MP: 3/3
  2795 | D:3      | Noticed Grinder
  2815 | D:3      | Paralysed by Grinder for 5 turns
  2823 | D:3      | Paralysed by Grinder for 2 turns
  2827 | D:3      | Killed Grinder
  2828 | D:3      | Reached skill level 5 in Fighting
  2828 | D:3      | Reached skill level 5 in Long Blades
  2828 | D:3      | Reached skill level 5 in Armour
  2828 | D:3      | Reached XP level 5. HP: 12/48 MP: 4/4
  2828 | D:3      | Reached XP level 6. HP: 14/56 MP: 5/5
  3127 | D:3      | Found a sparkling altar of Nemelex Xobeh.
  3503 | D:4      | Found a sacrificial altar of Ru.
  4477 | D:5      | Entered Level 5 of the Dungeon
  4477 | D:5      | Found a white marble altar of Elyvilon.
  4477 | D:5      | Found a glowing golden altar of the Shining One.
  4555 | D:5      | Reached skill level 6 in Long Blades
  4555 | D:5      | Reached XP level 7. HP: 43/61 MP: 6/6
  4814 | D:5      | Noticed Eustachio
  4820 | D:5      | Reached skill level 1 in Dodging
  4931 | D:5      | Killed Eustachio
  5218 | D:5      | Reached skill level 7 in Long Blades
  5447 | D:5      | Reached skill level 5 in Shields
  5608 | D:5      | Reached XP level 8. HP: 34/71 MP: 7/7
  5973 | D:5      | HP: 2/71 [acid (5)]
  6294 | D:5      | Found a burning altar of Makhleb.
  6361 | D:5      | Found a glowing silver altar of Zin.
  7133 | D:6      | Reached skill level 8 in Long Blades
  7436 | D:6      | Found a broken altar of Ashenzari.
  7512 | D:6      | Found a runed translucent gate.
  7512 | D:6      | Found a runed translucent gate.
  7512 | D:6      | Found a runed translucent gate.
  7514 | D:6      | Noticed duchin's ghost (amateur MfAM)
  8159 | D:7      | Found a staircase to the Ecumenical Temple.
  8161 | D:7      | Noticed Pikel
  8173 | D:7      | Reached skill level 9 in Long Blades
  8173 | D:7      | Reached XP level 9. HP: 79/79 MP: 8/8
  8220 | D:7      | Killed Pikel
  8221 | D:7      | Reached skill level 1 in Stealth
  8239 | Temple   | Entered the Ecumenical Temple
  8551 | D:7      | Found a blossoming altar of Fedhas.
  8726 | D:7      | Reached skill level 10 in Long Blades
  8919 | D:7      | Found a runed translucent door.
  8920 | D:7      | Noticed Crazy Yiuf
  9480 | D:7      | HP: 4/80 [poisoned by a killer bee]
  9981 | D:7      | Killed Crazy Yiuf
 10163 | D:8      | Found a runed translucent door.
 10178 | D:8      | Identified the +2 spear of Yeast {flame, Int+2 Dex+3}
 10801 | D:8      | Found a staircase to the Lair.
 10854 | D:8      | Reached XP level 10. HP: 80/88 MP: 9/9
 10858 | D:8      | Reached skill level 10 in Armour
 10862 | D:8      | Reached skill level 11 in Long Blades
 10989 | D:8      | Found a snail-covered altar of Cheibriados.
 11075 | D:8      | Found a basalt altar of Yredelemnul.
 11158 | D:8      | Noticed H0rd4k's ghost (novice OpAr)
 11505 | D:9      | Noticed a cyclops
 11523 | D:9      | Killed a cyclops
 11537 | D:9      | Reached skill level 12 in Long Blades
 11864 | D:9      | Noticed a two-headed ogre
 11874 | D:9      | Killed a two-headed ogre
 11970 | D:9      | Noticed an orc knight
 11971 | D:9      | Noticed a cyclops
 11976 | D:9      | Noticed a purple ugly thing
 11976 | D:9      | Killed a cyclops
 11980 | D:9      | Noticed a death knight
 11984 | D:9      | Noticed a brown ugly thing
 11993 | D:9      | Noticed a brown ugly thing
 12030 | D:8      | HP: 4/91 [poisoned by a hornet]
 12386 | Lair:1   | Entered Level 1 of the Lair of Beasts
 12724 | Lair:1   | Noticed a six-headed hydra
 12737 | Lair:1   | Slain by a six-headed hydra

Illustrated notes

Levels and vault maps discovered:
D:1:      dpeg_arrival_rhombi, layout_basic, minivault_4
D:2:      layout_loops_corners, dreamdust_ecumenical_altar_drowned_temple
D:3:      layout_basic, nemelex_spade_bored_becter, minmay_misc_feat_x,
          minmay_misc_feat_encased, uniq_grinder
D:4:      layout_rooms, mainiacjoe_overflow_brackets, hex_large
D:5:      layout_cave_pods, dreamdust_divine_triumvirate,
          mainiacjoe_overflow_24_doors, minivault_27, uniq_eustachio
D:6:      layout_loops_ring, old_standard_altar, ebering_ghost_rock_garden,
          serial_bayou_lagoon_a
D:7:      layout_loops_cross, lemuel_doored_altar, minmay_temple_entry_grid,
          eino_jars, uniq_pikel, uniq_crazy_yiuf_cottage
D:8:      layout_gridville, lemuel_crystal_altar,
          mainiacjoe_overflow_surrounded_room, lair_entry_dummy,
          ebering_ghost_funeral_grove, minmay_misc_feat_diagonals
D:9:      minmay_the_grid_4x2 [minmay_the_grid_fan, minmay_the_grid_large_cup,
          minmay_the_grid_minigrid_medium, minmay_the_grid_armoury,
          minmay_the_grid_aliased_spiral, minmay_the_grid_expand,
          minmay_the_grid_tiny_cups, minmay_the_grid_prize_shrinking_boxes],
          layout_long_grid, lemuel_round_altar
Temple:   nicolae_temple_ecumenical_triangle
Lair:1:   layout_chaotic_city, chequers_serial_rivers_large_a,
          hangedman_lair_generics_rect, uniq_amaemon, uniq_harold

Skill      XL: |  1  2  3  4  5  6  7  8  9 10 |
---------------+-------------------------------+-----
Fighting       | 4 5 6 7 8 9 |  9.7
Armour         | 4 5 6 7 9 11 | 11.3
Long Blades    | 4 5 6 7 9 10 12 | 12.7
Shields        | 4 5 6 |  6.8
Dodging        | 2 3 |  3.7
Stealth        | 1 |  1.4
Evocations     | |  0.1

Action                   |  1- 3 |  4- 6 |  7- 9 | 10-12 || total
-------------------------+-------+-------+-------+-------++-------
Melee: Long sword        |    87 |    94 |   378 |       ||   559
       Headbutt          |    14 |    22 |    77 |    30 ||   143
       Scimitar          |       |       |    30 |   110 ||   140
       Whip              |       |       |       |    10 ||    10
Evoke: Wand              |       |       |     2 |       ||     2
  Use: Scroll            |     3 |     2 |     6 |     3 ||    14
       Potion            |       |     3 |     3 |     5 ||    11
 Stab: Paralysed         |       |       |     2 |       ||     2
Armor: Scale mail        |    43 |       |       |       ||    43
       Chain mail        |    23 |    67 |   242 |       ||   332
       Plate armour      |       |       |     9 |    97 ||   106
Dodge: Dodged            |    33 |    39 |   175 |    43 ||   290
Block: Buckler           |    32 |    19 |    98 |    31 ||   180
